 Dungeon Crawl Stone Soup version 0.20.1-1-g8b1a95d (webtiles) character file.

1278 Malachi the Thaumaturge (level 8, -1/54 HPs)
             Began as a Mummy Necromancer on Sept 12, 2017.
             Was an Initiate of Kikubaaqudgha.
             Slain by a wight
             ... wielding a cursed +5 scimitar
              (16 damage)
             ... on level 7 of the Dungeon.
             The game lasted 00:15:19 (6327 turns).

Malachi the Thaumaturge (Mummy Necromancer)         Turns: 6327, Time: 00:15:20

Health: -1/54      AC:  7    Str: 11    XL:     8   Next: 29%
Magic:  20/20      EV: 13    Int: 16    God:    Kikubaaqudgha [......]
Gold:   234        SH:  0    Dex: 13    Spells: 15/23 levels left

rFire    . . .     SeeInvis .   j - +2 dagger (elec)
rCold    . . .     Gourm    .   (no shield)
rNeg     + + +     Faith    .   a - +1 robe
rPois    ∞         Spirit   .   n - +2 helmet
rElec    .         Reflect  .   e - +0 cloak
rCorr    .         Harm     .   (no gloves)
MR       +....                  (no boots)
Stlth    +++.......             (no amulet)
Regen    0.2/turn               k - ring of fire
MPRegen  0.2/turn               p - ring of stealth

@: no status effects
A: no food or potions, fire vulnerability, cold resistance 1, negative energy
resistance 3, torment resistance, unbreathing
a: Renounce Religion


You were on level 7 of the Dungeon.
You worshipped Kikubaaqudgha.
Kikubaaqudgha was noncommittal.
You were not hungry.

You visited 2 branches of the dungeon, and saw 8 of its levels.

You collected 234 gold pieces.

Inventory:

Hand Weapons
 j - a +2 dagger of electrocution (weapon)
 l - a +1 scythe of venom
Missiles
 f - 28 poisoned needles
Armour
 a - a +1 robe (worn)
 e - a +0 cloak (worn)
 h - a +0 helmet
 n - a +2 helmet (worn)
Jewellery
 k - a ring of fire (left hand)
 p - a ring of stealth (right hand)
Scrolls
 c - 4 scrolls of teleportation
 d - 8 scrolls of identify
 g - a scroll of blinking {unknown}
 i - 2 scrolls of magic mapping
 m - a scroll of immolation
 o - a scroll of remove curse
 q - a scroll of random uselessness {unknown}
Books
 b - a book of Necromancy

   Spells                             Type                      Level
   a - Pain                           Necromancy                   1
   b - Animate Skeleton               Necromancy                   1
   c - Vampiric Draining              Necromancy                   3
   d - Regeneration                   Charms/Necromancy            3
   e - Animate Dead                   Necromancy                   4
   f - Control Undead                 Necromancy                   4


   Skills:
 + Level 1.1 Fighting
 + Level 1.0 Short Blades
   Level 0.1(0.3) Axes
 + Level 0.4 Polearms
 + Level 3.0 Dodging
 + Level 2.4 Stealth
 * Level 8.3 Spellcasting
 * Level 7.2 Necromancy


You had 15 spell levels left.
You knew the following spells:

 Your Spells              Type           Power        Failure   Level  Hunger
a - Pain                  Necr           ####         1%          1    N/A
b - Vampiric Draining     Necr           ####......   1%          3    N/A
c - Animate Dead          Necr           N/A          5%          4    N/A

Dungeon Overview and Level Annotations

Branches:
Dungeon (7/15)             Temple (1/1) D:5

Altars:
Ashenzari
Cheibriados
Dithmenos
Elyvilon
Fedhas
Gozag
Hepliaklqana
Kikubaaqudgha
Makhleb
Nemelex Xobeh
Okawaru
Qazlal
Ru
Sif Muna
Trog
Uskayaw
Vehumet
Xom
Yredelemnul
Zin
The Shining One


Innate Abilities, Weirdness & Mutations

You do not eat or drink.
Your flesh is vulnerable to fire.
You are immune to poison.
Your flesh is cold resistant. (rC+)
You are immune to negative energy. (rN+++)
You are immune to unholy pain and torment.
You can survive without breathing.


Message History

The wight misses you. The wight closely misses you.
You hit the wight. Lightning courses through the wight!
You destroy the wight!
Kikubaaqudgha accepts your kill.
Your Dodging skill increases to level 3!
The wight closely misses you.
You hit the wight.
The wight is lightly damaged.
The wight barely misses you.
You completely miss the wight.
The wight is lightly damaged.
The wight hits you with an enchanted scimitar!
The wight hits you from afar with a spear.
You hit the wight.
The wight is moderately damaged.
The wight hits you from afar with a spear!
* * * LOW HITPOINT WARNING * * *
The wight hits you with an enchanted scimitar!
You die...
Kikubaaqudgha rasps: "You have failed me!
Welcome... oblivion!"

# .# ... .## ####.####
.... ...#<......#
#..#. #.##.#.##.##.#
>..... #.........##.#
.......
####.#.#####.##.......
...#...............
### #####.....##..##
#.##@###..#
#(###zz..%# #.#
#(##..# ........# #
.##.##..# #.##..#
#.##... #.## ..


You could see 2 wights.

Vanquished Creatures
  Sigmund (D:3)
  Eustachio (D:5)
  A sky beast (D:2)
  2 centaurs (D:5)
  2 wights (D:7)
  A howler monkey (D:4)
  2 bullfrog zombies (D:5)
  3 hounds
  An orc wizard (D:4)
  3 orc priests
  Natasha (twice) (D:2)
  2 worker ants (D:6)
  6 gnolls
  9 adders
  A shadow imp (D:4)
  2 oozes
  An adder skeleton (D:5)
  A worm (D:3)
  4 dart slugs
  2 leopard geckos
  4 orcs
  8 giant cockroaches
  3 goblins
  9 hobgoblins
  7 jackals
  A quokka (D:5)
  A ball python (D:2)
  10 bats
  11 frilled lizards
  2 kobolds (D:1)
  A leopard gecko zombie (D:5)
  15 rats
  A plant (D:3)
120 creatures vanquished.

Vanquished Creatures (collateral kills)
  An orc (D:4)
  A frilled lizard (D:4)
2 creatures vanquished.

Grand Total: 122 creatures vanquished

Notes
Turn   | Place    | Note
-------+----------+-------------------------------------------
     0 | D:1      | Malachi the Mummy Necromancer began the quest for the Orb.
     0 | D:1      | Reached XP level 1. HP: 13/13 MP: 4/4
   288 | D:1      | Reached XP level 2. HP: 19/19 MP: 1/5
  1115 | D:1      | Reached XP level 3. HP: 25/25 MP: 0/7
  1467 | D:1      | Reached skill level 3 in Spellcasting
  1631 | D:1      | Learned a level 3 spell: Vampiric Draining
  1922 | D:2      | Noticed Natasha
  2181 | D:2      | Killed Natasha
  2181 | D:2      | Reached skill level 4 in Spellcasting
  2181 | D:2      | Reached XP level 4. HP: 23/31 MP: 3/10
  2274 | D:2      | Found a shimmering altar of Xom.
  2561 | D:2      | Noticed Natasha
  2569 | D:2      | Killed Natasha
  2569 | D:2      | Reached skill level 5 in Necromancy
  2948 | D:2      | Reached XP level 5. HP: 36/36 MP: 8/11
  3001 | D:2      | Noticed a sky beast
  3329 | D:3      | Noticed Sigmund
  3345 | D:3      | Killed Sigmund
  3345 | D:3      | Reached skill level 5 in Spellcasting
  3345 | D:3      | Reached XP level 6. HP: 13/42 MP: 6/14
  3789 | D:3      | Found an opulent altar of Gozag.
  4205 | D:2      | Killed a sky beast
  4205 | D:2      | Reached skill level 6 in Spellcasting
  4371 | D:4      | Learned a level 4 spell: Animate Dead
  4517 | D:4      | Reached skill level 1 in Fighting
  4581 | D:4      | Reached XP level 7. HP: 48/48 MP: 16/16
  5060 | D:5      | Entered Level 5 of the Dungeon
  5171 | D:5      | Reached skill level 7 in Spellcasting
  5328 | D:5      | Reached skill level 1 in Short Blades
  5480 | D:5      | Found a deep blue altar of Sif Muna.
  5483 | D:5      | Found an iron altar of Okawaru.
  5483 | D:5      | Found a stormy altar of Qazlal.
  5483 | D:5      | Found a shadowy altar of Dithmenos.
  5491 | D:5      | Found a hide-covered altar of Uskayaw.
  5492 | D:5      | Found a white marble altar of Elyvilon.
  5523 | D:5      | Found a staircase to the Ecumenical Temple.
  5542 | Temple   | Entered the Ecumenical Temple
  5649 | Temple   | Became a worshipper of Kikubaaqudgha
  5668 | D:5      | Noticed Eustachio
  5679 | D:5      | Killed Eustachio
  5679 | D:5      | Reached XP level 8. HP: 41/54 MP: 12/19
  5681 | D:5      | Reached skill level 8 in Spellcasting
  6327 | D:7      | Slain by a wight

Skill      XL: |  1  2  3  4  5  6  7  8 |
---------------+-------------------------+-----
Spellcasting   | 4 5 6 7 8 |  8.3
Necromancy     | 5 6 7 |  7.2
Dodging        | 2 3 |  3.0
Fighting       | 1 |  1.1
Stealth        | 2 |  2.4
Short Blades   | 1 |  1.0
Axes           | |  0.1
Polearms       | |  0.4

Action                   |  1- 3 |  4- 6 |  7- 9 || total
-------------------------+-------+-------+-------++-------
Melee: Hand axe          |     2 |       |       ||     2
       Short sword       |    10 |       |       ||    10
       Dagger            |    14 |    71 |    97 ||   182
       Scythe            |       |    28 |       ||    28
 Cast: Pain              |    77 |    36 |       ||   113
       Vampiric Draining |       |    11 |     9 ||    20
       Animate Dead      |       |     2 |    10 ||    12
  Use: Scroll            |     5 |     3 |       ||     8
 Stab: Sleeping          |     1 |     2 |       ||     3
Armor: Robe              |    10 |    23 |    23 ||    56
Dodge: Dodged            |    24 |    54 |    92 ||   170
